 Dungeon Crawl Stone Soup version 0.29.1-2-gbd0b4ee654 (webtiles) character file.

Game seed: 10356689182779930111

770 Earthwalker the Shield-Bearer (level 8, -4/64 HPs)
             Began as a Formicid Fighter on Oct 27, 2022.
             Succumbed to a water moccasin's poison
             ... on level 5 of the Dungeon.
             The game lasted 00:13:22 (4144 turns).

Earthwalker the Shield-Bearer (Formicid Fighter)    Turns: 4144, Time: 00:13:22

Health: -4/64      AC:  7    Str: 23    XL:     8   Next: 9%
Magic:  8/8        EV:  9    Int:  8    God:
Gold:   150        SH:  5    Dex: 13    Spells: 7/7 levels left

rFire   . . .      SeeInvis +   a - +0 war axe
rCold   . . .      Faith    .   c - +0 buckler
rNeg    . . .      Spirit   .   b - +0 scale mail
rPois   .          Reflect  .   (helmet unavailable)
rElec   .          Harm     .   (no cloak)
rCorr   .          Rampage  .   (no gloves)
Will    .....                   (no boots)
Stlth   ..........              (no amulet)
HPRegen 0.20/turn               (no ring)
MPRegen 0.11/turn               (no ring)

@: lethally poisoned (-4 -> -34)
A: permanent stasis, dig shafts and tunnels, antennae 3, four strong arms
a: Dig, Shaft Self


You were on level 5 of the Dungeon.
You visited 1 branch of the dungeon, and saw 5 of its levels.

You collected 150 gold pieces.

Inventory:

Hand Weapons
 a - a +0 war axe (weapon)
Armour
 b - a +0 scale mail (worn)
 c - a +0 buckler (worn)
Jewellery
 e - an amulet of magic regeneration
 g - a ring of wizardry
Scrolls
 f - a scroll of summoning {unknown}
 k - a scroll of teleportation {unknown}
 l - a scroll of noise {unknown}
 n - a scroll of amnesia {unknown}
 o - a scroll of enchant weapon {unknown}
 p - 3 scrolls of identify {unknown}
 r - 2 scrolls of fog {unknown}
 s - a scroll of poison {unknown}
 v - a scroll of vulnerability {unknown}
Potions
 d - a potion of might
 h - 2 potions of lignification {unknown}
 i - 2 potions of attraction {unknown}
 j - a potion of heal wounds {unknown}
 m - a potion of cancellation {unknown}
 q - 5 potions of curing {unknown}
 t - 2 potions of ambrosia {unknown}
 u - a potion of degeneration {unknown}


   Skills:
 + Level 5.6 Fighting
 + Level 4.5 Axes
 + Level 5.7 Armour
 + Level 6.7 Shields


You had 7 spell levels left.
You didn't know any spells.
Your spell library contained the following spells:

 Spells                   Type           Power      Damage    Failure   Level
 Necrotise                Necr           0%         1d4       77%         1
 Vampiric Draining        Necr           0%         2d6       98%         3
 Agony                    Necr           0%         N/A       100%        5


Dungeon Overview and Level Annotations

Branches:
Dungeon (5/15)
 Temple: D:4-7

Altars:
Makhleb
Qazlal
Sif Muna


Innate Abilities, Weirdness & Mutations

You cannot be hasted, slowed, berserked, paralysed or teleported.
You can dig through walls and to a lower floor.
You have a pair of large antennae on your head. (SInv)
Your four strong arms can wield two-handed weapons with a shield.


Message History

Blork the orc casts a spell at you. The magic dart hits you.
You slash Blork the orc!
Blork the orc is moderately wounded.
Blork the orc hits you with a +0 scimitar!
You slash Blork the orc!
Blork the orc is almost dead.
Blork the orc barely misses you. x2
You closely miss Blork the orc.
Blork the orc is almost dead.
Blork the orc points at you and mumbles some strange words.
The puff of frost hits you!
* * * LOW HITPOINT WARNING * * *
Blork the orc screams, "I'll break your arms!"
Blork the orc barely misses you.
You slash Blork the orc!
You kill Blork the orc!
You have reached level 8!
You feel stronger.
You start resting.
A water moccasin comes into view.
The water moccasin hisses angrily.
You hit the water moccasin.
The water moccasin is moderately wounded.
The water moccasin closely misses you.
You hit the water moccasin.
The water moccasin is moderately wounded.
The water moccasin closely misses you. The water moccasin barely misses you.
You barely miss the water moccasin.
The water moccasin is moderately wounded.
The water moccasin bites you!
* * * LOW HITPOINT WARNING * * *
You are lethally poisoned!
The water moccasin poisons you! The water moccasin bites you.
* * * LOW HITPOINT WARNING * * *
You are more poisoned.
The water moccasin poisons you!
You closely miss the water moccasin.
The water moccasin is moderately wounded.
You die...

#....# #..# #+#########..###.
##....###..####.##....###.####.
#.......................#'#.##.
#...................÷.......##.
#...................÷.......#..
##.....##....##.##....########.
##.....##....##.##....##....##.
#......'.........#..........##.
#.(....#.....S@..#..........##.
#.....)#.........#..)..........
##...#..#.##########)#########.
###########...###..).###...#
#....#............#
#....#............##
#....#....>........#
##...........##....#
###################


You could see a water moccasin.

Vanquished Creatures
  2 black bears
  2 ogres (D:4)
  Blork the orc (D:5)
  A scorpion (D:4)
  A hound (D:5)
  A jelly (D:4)
  An iguana (D:5)
  An orc wizard (D:5)
  Robin (D:3)
  5 adders
  A worm (D:2)
  3 dart slugs
  9 orcs
  10 ball pythons
  4 bats
  11 endoplasms
  7 giant cockroaches
  7 hobgoblins
  8 jackals
  5 kobolds
  5 quokkas
  A frilled lizard (D:3)
  16 goblins
  3 rats
106 creatures vanquished.

Notes
Turn   | Place    | Note
-------+----------+-------------------------------------------
     0 | D:1      | Earthwalker the Formicid Fighter began the quest for the
                  | Orb.
     0 | D:1      | Reached XP level 1. HP: 18/18 MP: 1/1
   105 | D:1      | Reached XP level 2. HP: 24/24 MP: 2/2
   231 | D:1      | Reached XP level 3. HP: 29/29 MP: 3/3
   468 | D:1      | Found a faded altar of an unknown god.
   962 | D:2      | Reached XP level 4. HP: 34/37 MP: 4/4
  1147 | D:2      | Identified the +0 robe of Vaix {rC+}
  1312 | D:3      | Noticed a black bear
  1324 | D:3      | Killed a black bear
  1325 | D:3      | Reached skill level 5 in Shields
  1325 | D:3      | Reached XP level 5. HP: 10/42 MP: 5/5
  1823 | D:3      | Noticed Robin
  1825 | D:3      | Killed Robin
  2064 | D:3      | Reached XP level 6. HP: 49/49 MP: 6/6
  2198 | D:3      | Found a burning altar of Makhleb.
  2668 | D:4      | Noticed an ogre
  2683 | D:4      | Killed an ogre
  2850 | D:4      | Found a shimmering blue altar of Sif Muna.
  3267 | D:4      | Noticed an ogre
  3275 | D:4      | Killed an ogre
  3276 | D:4      | Reached skill level 5 in Fighting
  3276 | D:4      | Reached skill level 5 in Armour
  3276 | D:4      | Reached skill level 6 in Shields
  3276 | D:4      | Reached XP level 7. HP: 43/56 MP: 7/7
  3695 | D:4      | Found a stormy altar of Qazlal.
  3806 | D:5      | Entered Level 5 of the Dungeon
  4112 | D:5      | Noticed Blork the orc
  4131 | D:5      | Killed Blork the orc
  4132 | D:5      | Reached XP level 8. HP: 12/64 MP: 8/8
  4144 | D:5      | Succumbed to a water moccasin's poison

Illustrated notes

Levels and vault maps discovered:
D:1:      saegor_arrival_simple_a, layout_basic,
          dreamdust_ecumenical_altar_statues, minmay_misc_feat_doors,
          minmay_worlds_worst_comb
D:2:      layout_basic
D:3:      layout_loops_cross, lightli_temple_of_fire, uniq_robin
D:4:      layout_basic, overflow_temple_1_default,
          nicolae_overflow_crystal_walls
D:5:      layout_gridville, dancing_weapons_uskayaw, grunt_ministairs_14,
          uniq_blork_the_orc

Skill      XL: |  1  2  3  4  5  6  7 |
---------------+----------------------+-----
Fighting       | 4 5 |  5.6
Axes           | 3 4 |  4.5
Armour         | 4 5 |  5.7
Shields        | 5 6 |  6.7

Action                   |  1- 3 |  4- 6 |  7- 9 || total
-------------------------+-------+-------+-------++-------
Melee: War axe           |    72 |   148 |    60 ||   280
Armor: Scale mail        |    45 |    67 |    28 ||   140
Dodge: Dodged            |    48 |    61 |    32 ||   141
Block: Buckler           |    23 |    29 |     8 ||    60
